 Dungeon Crawl Stone Soup version 0.30-a0-118-ga018f8e90f (webtiles) character file.

Game seed: 10366094740231762138

336 bande the Chopper (level 6, -2/48 (55) HPs)
             Began as a Hill Orc Fighter on Sept 13, 2022.
             Slain by a wight
             ... wielding a +0 vampiric long sword
              (6 damage)
             ... on level 3 of the Dungeon.
             The game lasted 00:06:11 (4498 turns).

bande the Chopper (Hill Orc Fighter)                Turns: 4498, Time: 00:06:12

HP:   -2/48 (55)    AC: 12    Str: 19    XL:     6   Next: 54%
MP:   6/6           EV:  5    Int:  8    God:
Gold: 129           SH:  6    Dex: 12    Spells: 5/5 levels left

rFire   . . .      SeeInvis .    a - +0 war axe (vorpal)
rCold   . . .      Faith    .    c - +1 buckler
rNeg    . . .      Spirit   .    g - +0 plate armour
rPois   .          Reflect  .    (no helmet)
rElec   .          Harm     .    (no cloak)
rCorr   .          Rampage  .    (no gloves)
Will    .....                    (no boots)
Stlth   ..........               (no amulet)
HPRegen 0.16/turn                (no ring)
MPRegen 0.10/turn                (no ring)

@: heavily drained
A: no striking features
a: no special abilities


You were on level 3 of the Dungeon.
You visited 1 branch of the dungeon, and saw 4 of its levels.

You collected 129 gold pieces.

Inventory:

Hand Weapons
 a - a +0 vorpal war axe (weapon)
 p - a +0 flail
Armour
 c - a +1 buckler (worn)
 g - a +0 plate armour (worn)
Jewellery
 j - a ring of magical power
Wands
 q - a wand of polymorph (9)
Scrolls
 k - 3 scrolls of identify
Potions
 d - a potion of might
 f - a potion of invisibility {unknown}
 h - a potion of degeneration {unknown}
 l - a potion of berserk rage {unknown}
 o - 2 potions of brilliance
 s - a potion of curing {unknown}
 t - a potion of attraction {unknown}


   Skills:
 + Level 4.9 Fighting
 + Level 6.3 Axes
 + Level 4.5 Armour
 + Level 4.0 Shields
 * Level 1.1 Evocations


You had 5 spell levels left.
You didn't know any spells.
Your spell library contained the following spells:

 Spells                   Type           Power      Damage    Failure   Level
 Fireball                 Conj/Fire      0%         3d3       100%        5
 Starburst                Conj/Fire      0%         6d3       100%        6
 Ignition                 Fire           0%         3d3       100%        8


Dungeon Overview and Level Annotations

Branches:
Dungeon (4/15)
 Temple: D:4-7

Altars:
Uskayaw
Wu Jian

Shops:
D:3 ?


Message History

You barely miss the wight. x2
The wight hits you with a +0 vampiric long sword.
The wight barely misses you.
You hit the wight but do no damage. You hit the wight.
The wight hits you but does no damage. You block the wight's attack.
You hit the wight.
The wight is moderately damaged.
You barely miss the wight.
The wight hits you with a +0 vampiric long sword!
You feel drained.
The wight draws strength from your wounds!
The wight hits you with a +0 long sword.
You hit the wight.
The wight is moderately damaged.
You closely miss the wight. The wight completely misses you.
You block the wight's attack. x2; The wight barely misses you.
You barely miss the wight.
The wight is moderately damaged.
You hit the wight but do no damage.
The wight hits you with a +0 vampiric long sword.
The wight draws strength from your wounds!
The wight hits you but does no damage.
You hit the wight but do no damage.
The wight is lightly damaged.
You slash the wight! You block the wight's attack.
The wight hits you with a +0 long sword.
* * * LOW HITPOINT WARNING * * *
You hit the wight.
The wight is heavily damaged.
You closely miss the wight.
The wight hits you with a +0 vampiric long sword!
* * * LOW HITPOINT WARNING * * *
The wight hits you with a +0 long sword.
* * * LOW HITPOINT WARNING * * *
You feel drained.
You barely miss the wight.
The wight is heavily damaged.
You hit the wight but do no damage.
The wight hits you with a +0 vampiric long sword.
You die...

.........)####.#.##............##
#########.# #...##.##.#.......##
#########.######..#.##.#.......##
............# #....##.#.......##
............# #.#..##.#......###
............# #.#.)##.#.........
............# #.##....#.....####
............# #z##....#.........
####........# #@z'....#......[..
# #........#######....#...######
# #........'.......##......#
####........#####.......)...#####
...###'####.# #..........)..##...
...# #......###.#.###.####).##.##
...# #.....................<##.#
...###......###.#......^....##.#
.......................####.##.##


You could see 2 wights.

Vanquished Creatures
  A wight (D:3)
  2 iguanas (D:4)
  An orc wizard (D:3)
  Ijyb (D:3)
  4 gnolls
  5 adders
  2 worms
  8 orcs
  9 bats
  9 endoplasms
  6 giant cockroaches
  7 goblins
  6 hobgoblins
  7 kobolds
  3 quokkas
  2 ball pythons (D:1)
  5 frilled lizards
  6 rats
84 creatures vanquished.

Vanquished Creatures (others)
  14 plants (D:1)
14 creatures vanquished.

Grand Total: 98 creatures vanquished

Notes
Turn   | Place    | Note
-------+----------+-------------------------------------------
     0 | D:1      | bande the Hill Orc Fighter began the quest for the Orb.
     0 | D:1      | Reached XP level 1. HP: 19/19 MP: 1/1
   269 | D:1      | Reached XP level 2. HP: 27/27 MP: 2/2
   396 | D:1      | Found a faded altar of an unknown god.
   500 | D:1      | Reached skill level 3 in Axes
   687 | D:1      | Reached XP level 3. HP: 28/33 MP: 3/3
  1283 | D:2      | Reached XP level 4. HP: 40/40 MP: 4/4
  1378 | D:2      | Reached skill level 4 in Axes
  1969 | D:3      | Noticed Ijyb
  1970 | D:3      | Reached XP level 5. HP: 47/47 MP: 5/5
  2003 | D:3      | Killed Ijyb
  2004 | D:3      | Reached skill level 5 in Axes
  2337 | D:3      | Found Kouhucyo's Magic Scroll Shop.
  3187 | D:4      | Found a hide-covered altar of Uskayaw.
  3547 | D:4      | Reached XP level 6. HP: 44/53 MP: 6/6
  3929 | D:4      | Found an ornate altar of the Wu Jian Council.
  3945 | D:4      | Reached skill level 6 in Axes
  4188 | D:3      | Reached skill level 1 in Evocations
  4498 | D:3      | Slain by a wight

Illustrated notes

Levels and vault maps discovered:
D:1:      amcnicky_arrival_underground_garden, layout_basic, serial_bayou,
          serial_bayou_pond_b, serial_bayou_pond_c, serial_bayou_pond_c,
          serial_bayou_ford_a, ebering_ecumenical_altar_box, minivault_14
D:2:      layout_basic
D:3:      layout_basic, serial_shops, nicolae_shop_hallway_plus, uniq_ijyb
D:4:      layout_gridville, mainiacjoe_overflow_small_starburst,
          mainiacjoe_overflow_tiny_flanked

Skill      XL: |  1  2  3  4  5  6 |
---------------+-------------------+-----
Axes           | 3 4 5 6 |  6.3
Fighting       | 4 |  4.9
Armour         | 4 |  4.5
Shields        | 4 |  4.0
Evocations     | 1 |  1.1

Action                   |  1- 3 |  4- 6 || total
-------------------------+-------+-------++-------
Melee: War axe           |   128 |   154 ||   282
       Unarmed           |       |     5 ||     5
  Use: Scroll            |       |     9 ||     9
Armor: Scale mail        |    31 |       ||    31
       Plate armour      |    45 |   105 ||   150
       Skin              |       |     7 ||     7
Dodge: Dodged            |    39 |    44 ||    83
Block: Buckler           |    17 |    53 ||    70

Table legend: (Time is in decaauts)
 A = Elapsed time spent in this place.
 B = Non-inter-level travel time spent in this place.
 C = Inter-level travel time spent in this place.
 D = Time resting spent in this place.
 E = Time spent auto-exploring this place.
 F = Levels seen in this place.
 G = Mean time per level.
                   A        B        C        D        E       F      G
               +--------+--------+--------+--------+--------+-----+--------+
         Total |   4629 |   4562 |     67 |   1206 |   2520 |   4 | 1157.2 |
       Dungeon |   4629 |   4562 |     67 |   1206 |   2520 |   4 | 1157.2 |
               +--------+--------+--------+--------+--------+-----+--------+

Top non-repeatable levels by time:
     D:3: 1551 daAuts
     D:4: 1085 daAuts
     D:2: 997 daAuts
     D:1: 995 daAuts
